AoeStats
← SlowBoy

Arabia

504628836Analyzed
1v1 RM · 27d ago on Sep 6, 2026· 26m 10s· 2 players
Game mode
Random Map
Map size
Tiny (2 player)
Population
200
Speed
Normal
Resources
Standard
Victory
Conquest
Starting age
Dark Age
Ending age
Imperial Age
RankedLock teamsTeams togetherTeam positionsShared explorationLock speedFull tech treeHidden civsTurbo modeCheats
Victory
Defeat
🇧🇷 Persians · Brazil
1666
+19
🇦🇺 Persians · Australia
1729
-19
SlowBoy
6:33 Loom
9:03 Feudal Age
9:37 Double-Bit Axe
10:10 Horse Collar
17:37 Wheelbarrow
21:36 Castle Age
19:42 Gold Mining
20:18 Bloodlines
20:40 Scale Barding Armor
21:41 Forging
22:08 Husbandry
22:49 Bow Saw
NOCHAT_OzzieAmigo
5:49 Loom
8:30 Feudal Age
8:54 Double-Bit Axe
9:42 Horse Collar
19:56 Gold Mining
23:23 Castle Age
22:27 Bloodlines
22:33 Forging
22:37 Scale Barding Armor
23:38 Scale Mail Armor
Connection lost

Rejoining the realm…

Still unreachable

The connection could not be restored.

Session expired

The server has moved on; the page needs a fresh start.